 Dungeon Crawl Stone Soup version 0.16-a0-3553-gf2c86d1 (webtiles) character file.

96 RedPan the Chiller (level 4, 0/33 HPs)
             Began as a Draconian Ice Elementalist on Jan 10, 2015.
             Slain by a gnoll
             ... wielding a +0 halberd
              (8 damage)
             ... on level 2 of the Dungeon.
             The game lasted 00:05:51 (1873 turns).

RedPan the Chiller (Draconian Ice Elementalist)     Turns: 1873, Time: 00:05:51

Health: 0/33       AC:  5    Str: 10    XL:     4   Next: 41%
Magic:  5/9        EV: 12    Int: 16    God:
Gold:   121        SH:  0    Dex: 12    Spells: 1 memorised, 8 levels left

rFire  . . .     SeeInvis .     p - +0 dagger
rCold  . . .     Clarity  .     (armour unavailable)
rNeg   . . .     SustAb   .     (no shield)
rPois  .         Gourm    .     (helmet restricted)
rElec  .         Spirit   .     (no cloak)
rCorr  .         Warding  .     (no gloves)
rMut   .         Stasis   .     (no boots)
MR     .....                    (no amulet)
Stlth  ++........               (no ring)
                                (no ring)

@: drained, not resistant to hostile enchantments, unstealthy
A: unfitting armour, cold-blooded, AC +5
a: no special abilities


You were on level 2 of the Dungeon.
You were hungry.

You visited 1 branch of the dungeon, and saw 2 of its levels.

You collected 121 gold pieces.

Inventory:

Hand weapons
 i - a +1 dagger of draining
 p - a +0 dagger (weapon)
Scrolls
 a - a scroll of enchant armour {unknown}
 d - a scroll of random uselessness {unknown}
 e - 2 scrolls of remove curse
 f - a scroll of enchant weapon {unknown}
 j - a scroll of teleportation {unknown}
 l - a scroll of magic mapping {unknown}
 m - a scroll of recharging {unknown}
 o - a scroll of amnesia {unknown}
Potions
 h - a potion of cancellation {unknown}
 k - a potion of mutation {unknown}
 n - a potion of degeneration {unknown}
 q - a potion of poison {unknown}
Books
 b - a book of Frost

   Spells                             Type                      Level
   a - Freeze                         Ice                          1
   b - Throw Frost                    Conjuration/Ice              2
   c - Ozocubu's Armour               Charms/Ice                   3
   d - Throw Icicle                   Conjuration/Ice              4
   e - Summon Ice Beast               Ice/Summoning                4
   f - Condensation Shield            Ice                          4
Comestibles
 c - 2 bread rations


   Skills:
 - Level 1.7(1.2) Dodging
 - Level 1.7(1.2) Stealth
 + Level 3.3(2.8) Spellcasting
   Level 1.0(0.5) Conjurations
 + Level 4.2(3.7) Ice Magic


You had 8 spell levels left.
You knew the following spells:

 Your Spells              Type           Power        Failure   Level  Hunger
a - Freeze                Ice            ##..         6%          1    #......


Dungeon Overview and Level Annotations

Branches:
Dungeon (2/15)

Altars:


Innate Abilities, Weirdness & Mutations

Your plain brown scales are hard (AC +5).
Your body does not fit into most forms of armour.
Your cold-blooded metabolism reacts poorly to cold.


Message History

The giant gecko bites you but does no damage.
You closely miss the giant gecko.
The gnoll hits you from afar with a halberd.
The giant gecko barely misses you.
You miss the giant gecko. The giant gecko barely misses you.
The gnoll hits you from afar with a halberd!
Casting: Freeze
Confirm with . or Enter, or press ? or * to list all spells.
Aiming: Freeze
Press: ? - help, Shift-Dir - straight line, f - giant gecko
Aim: a giant gecko (clinging)
You freeze the giant gecko.
You kill the giant gecko!
The gnoll hits you from afar with a halberd!
* * * LOW HITPOINT WARNING * * *
The gnoll misses you.
You are feeling hungry.
There is a stone staircase leading up here.
The gnoll hits you from afar with a halberd!
You die...

#### #...# ....... ##..###...#
..#...# ##....##...# .......
##...[..#...####################
#................(..............
#...............................
#........##...g...####..........
##......####.....#..............
##....########@......##.......(
##..##......#.##..####........
#####....รท..)...## #########
#......###### ########


You could see a gnoll.

Vanquished Creatures
  An adder (D:2)
  3 gnolls
  A giant mite (D:1)
  A worm (D:2)
  4 giant geckos
  3 goblins
  5 hobgoblins
  2 quokkas (D:2)
  6 bats
  A giant newt (D:2)
  4 jackals (D:1)
  6 kobolds (D:1)
  8 rats
45 creatures vanquished.

Notes
Turn   | Place    | Note
--------------------------------------------------------------
     0 | D:1      | RedPan, the Draconian Ice Elementalist, began the quest for the Orb.
     0 | D:1      | Reached XP level 1. HP: 14/14 MP: 3/3
    44 | D:1      | Reached XP level 2. HP: 10/20 MP: 0/4
   731 | D:1      | Reached XP level 3. HP: 11/26 MP: 0/6
  1501 | D:2      | Reached skill level 4 in Ice Magic
  1562 | D:2      | Reached XP level 4. HP: 20/33 MP: 5/9
  1873 | D:2      | Slain by a gnoll

Action                   |  1- 3 |  4- 6 || total
-------------------------+-------+-------++-------
Melee: Whip              |    46 |       ||    46
       Spear             |    31 |       ||    31
       Dagger            |    50 |    28 ||    78
 Cast: Freeze            |    17 |     9 ||    26
  Use: Scroll            |     1 |       ||     1
       Potion            |       |     1 ||     1
  Eat: Chunk             |     2 |     1 ||     3
